 Dungeon Crawl Stone Soup version 0.21.1-1-g345015fe64 (webtiles) character file.

143 Gargoyl the Skirmisher (level 5, -1/45 HPs)
             Began as a Centaur Abyssal Knight on June 4, 2018.
             Was a Believer of Lugonu.
             Slain by a gnoll
             ... wielding a +0 whip
              (6 damage)
             ... on level 3 of the Dungeon.
             The game lasted 00:03:28 (2757 turns).

Gargoyl the Skirmisher (Centaur Abyssal Knight)     Turns: 2757, Time: 00:03:29

Health: -1/45      AC:  7    Str: 14    XL:     5   Next: 4%
Magic:  7/7        EV:  1    Int: 16    God:    Lugonu [**....]
Gold:   154        SH:  6    Dex: 10    Spells: 4/4 levels left

rFire    . . .     SeeInvis .   a - +1 hand axe
rCold    . . .     Gourm    .   d - +0 shield (curse)
rNeg     . . .     Faith    .   k - +0 chain mail
rPois    .         Spirit   .   (no helmet)
rElec    .         Reflect  .   (no cloak)
rCorr    .         Harm     .   (no gloves)
MR       .....                  (no barding)
Stlth    ..........             (no amulet)
HPRegen  0.15/turn              (no ring)
MPRegen  0.10/turn              (no ring)

@: brilliant, drained, very quick
A: large, hooves 3, deformed body, speed 2, tough skin 3
a: Depart the Abyss, Bend Space, Renounce Religion


You were on level 3 of the Dungeon.
You worshipped Lugonu.
Lugonu was pleased with you.
You were hungry.

You visited 1 branch of the dungeon, and saw 3 of its levels.
You visited the Abyss 1 time.

You collected 154 gold pieces.

Inventory:

Hand Weapons
 a - a +1 hand axe (weapon)
Missiles
 l - 8 javelins (quivered)
Armour
 d - a cursed +0 shield (worn)
 k - a +0 chain mail (worn)
Jewellery
 j - a +3 ring of evasion {unknown}
Scrolls
 g - a scroll of magic mapping
Potions
 b - a potion of degeneration {unknown}
 e - a potion of brilliance
 f - a potion of haste {unknown}
 h - a potion of flight {unknown}
 i - a potion of ambrosia {unknown}
Comestibles
 c - 4 rations


   Skills:
 + Level 3.6(3.1) Fighting
 + Level 2.7(2.2) Axes
 * Level 2.4(1.9) Armour
 + Level 0.9(0.4) Dodging
 + Level 0.5(0.0) Shields
 * Level 2.9(2.4) Invocations


You had 4 spell levels left.
You didn't know any spells.

Dungeon Overview and Level Annotations

Branches:
Dungeon (3/15)

Altars:


Innate Abilities, Weirdness & Mutations

You have hooves in place of feet.
Armour fits poorly on your strangely shaped body.
You cover ground very quickly.
You have extremely tough skin. (AC +3)


Message History

You hit the gnoll. You kick the gnoll, but do no damage.
The gnoll is moderately wounded.
The gnoll completely misses you.
Unknown command.
You hit the gnoll.
The gnoll is severely wounded.
The gnoll hits you with a club.
* * * LOW HITPOINT WARNING * * *
You hit the gnoll.
You kill the gnoll!
Lugonu accepts your kill.
You have reached level 5!
It was a potion of brilliance.
You feel clever all of a sudden. The gnoll hits you but does no damage.
You are feeling hungry.
You hit the gnoll. You kick the gnoll, but do no damage.
The gnoll is moderately wounded.
The gnoll hits you but does no damage. The gnoll hits you with a whip.
You die...

#.............#)#...#
#..#.##.####..###.#.#..
#... #)##.... ..#.###
##..###†#..## ..#.?
#.........# ..
###.###..## #).## #.(#
#@## #g# ..# ...# .....
...... ....#..
.....#...


You could see a gnoll.

Vanquished Creatures
  5 gnolls (D:3)
  5 adders
  An ooze (D:1)
  A dart slug (D:1)
  2 leopard geckos
  5 bats
  2 giant cockroaches
  9 hobgoblins
  2 jackals (D:2)
  A quokka (D:2)
  A ball python (D:3)
  6 frilled lizards
  2 kobolds
  5 rats
47 creatures vanquished.

Notes
Turn   | Place    | Note
-------+----------+-------------------------------------------
     0 | Abyss:1  | Gargoyl the Centaur Abyssal Knight began the quest for the Orb.
     0 | Abyss:1  | Reached XP level 1. HP: 19/19 MP: 2/2
    58 | Abyss:1  | Noticed a harpy skeleton
    61 | Abyss:1  | Noticed a large abomination
    61 | D:1      | Escaped the Abyss
   104 | D:1      | Reached * piety under Lugonu
   152 | D:1      | Reached XP level 2. HP: 24/26 MP: 3/3
  1044 | D:1      | You fall through a shaft!
  1081 | D:2      | Reached XP level 3. HP: 31/31 MP: 4/4
  2181 | D:2      | Found a faded altar of an unknown god.
  2214 | D:2      | Reached XP level 4. HP: 20/38 MP: 5/5
  2707 | D:3      | Reached ** piety under Lugonu
  2755 | D:3      | Reached XP level 5. HP: 4/45 MP: 7/7
  2757 | D:3      | Slain by a gnoll

Skill      XL: |  1  2  3 |
---------------+----------+-----
Axes           | 2 |  2.7
Armour         | 2 |  2.4
Fighting       | |  3.6
Dodging        | |  0.9
Shields        | |  0.5
Invocations    | |  2.9

Action                   |  1- 3 |  4- 6 || total
-------------------------+-------+-------++-------
Melee: Hand axe          |   120 |    42 ||   162
       Kick              |    11 |     8 ||    19
Invok: Depart the Abyss  |     1 |       ||     1
  Use: Scroll            |     5 |       ||     5
       Potion            |     2 |     1 ||     3
  Eat: Chunk             |     3 |     1 ||     4
Armor: Leather armour    |    28 |       ||    28
       Chain mail        |    62 |    30 ||    92
Dodge: Dodged            |    22 |     3 ||    25
Block: Shield            |    46 |    12 ||    58
